Map: Port Aleksander LE

Players

Neeb

  • Race: Protoss Protoss
  • League: Master
  • Spawn Location: 11:00

Maru - Winner!

  • Race: Terran Terran
  • Spawn Location: 5:00

Event: IEM Season 13 - Katowice Server Qualifiers America

VOD

Have the link to the VOD?

Description

Time

  • Played on: Jan. 6, 2019, 6:30 p.m.
  • Length: 13:26

All games in this series

Show
View Real Time Build Order
Export as new Build Order

Neeb Protoss 

Build Orders: 1 Gate Expand, Oracle Opening 

Get SALT Encoding   

  12  0:00  Probe  
  13  0:12  Probe  
  14  0:19  Pylon  
  14  0:24  Probe  
  15  0:33  Probe  
  15  0:37  Gateway  
  15  0:42  Probe  
  16  0:44  Assimilator  
  17  0:52  Probe  
  18  1:04  Probe  
  19  1:16  Probe  
  20  1:26  Nexus  
  20  1:36  Cybernetics Core  
  20  1:37  Probe  
  21  1:43  Assimilator  
  21  1:49  Probe  
  21  1:53  Pylon  
  22  2:00  Probe  
  23  2:03  Adept  
  23  2:08  Probe  
  26  2:17  Probe  
  26  2:21  Stargate  
  27  2:28  Probe  
  27  2:29  Adept  
  28  2:35  Probe, Warp Gate  
  30  2:40  Probe  
  30  2:43  Probe  
  33  2:52  Probe  
  33  2:53  Probe  
  33  2:54  Oracle  
  35  3:04  Probe  
  40  3:05  Probe  
  40  3:12  Pylon, Stalker  
  42  3:16  Probe  
  42  3:19  Probe  
  44  3:22  Pylon  
  44  3:28  Probe  
  44  3:31  Probe, Pylon  
  46  3:38  Oracle  
  46  3:40  Assimilator  
  49  3:42  Assimilator  
  49  3:43  Probe  
  49  3:44  Probe  
  51  3:52  Pylon  
  51  3:55  Probe  
  53  4:05  Gateway  
  53  4:06  Pylon  
  53  4:07  Phoenix  
  52  4:11  Probe  
  52  4:13  Probe  
  53  4:23  Probe  
  54  4:25  Probe  
  55  4:33  Phoenix  
  55  4:35  Probe  
  55  4:37  Probe  
  55  4:38  Adept  
  61  4:47  Probe  
  61  4:49  Probe  
  63  4:58  Phoenix  
  63  5:00  Nexus  
  63  5:02  Pylon  
  63  5:03  Probe x2  
  65  5:15  Probe x2  
  67  5:22  Robotics Facility, Phoenix  
  67  5:25  Gateway  
  67  5:27  Probe x2  
  67  5:28  Sentry  
  73  5:39  Probe, Phoenix  
  73  5:41  Probe  
  71  5:47  Assimilator  
  71  5:48  Assimilator  
  73  5:50  Pylon  
  73  5:51  Probe  
  73  5:53  Probe  
  72  5:59  Phoenix  
  72  6:03  Probe  
  73  6:05  Probe  
  73  6:10  Observer  
  77  6:13  Robotics Bay  
  77  6:15  Probe x2  
  77  6:17  Probe  
  80  6:19  Stargate, Phoenix  
  80  6:22  Pylon  
  82  6:27  Probe x2  
  82  6:29  Probe  
  82  6:30  Pylon  
  82  6:32  Observer  
  86  6:39  Probe  
  88  6:40  Probe  
  88  6:44  Phoenix  
  88  6:49  Nexus  
  88  6:51  Colossus  
  88  6:52  Probe  
  91  6:54  Probe  
  91  6:56  Probe  
  93  7:02  Phoenix  
  93  7:03  Extended Thermal Lance  
  93  7:04  Probe  
  93  7:07  Probe  
  93  7:08  Observer  
  103  7:09  Probe  
  104  7:15  Assimilator  
  104  7:17  Phoenix  
  104  7:20  Assimilator  
  106  7:24  Pylon  
  106  7:25  Phoenix  
  106  7:26  Fleet Beacon  
  106  7:28  Probe x2  
  108  7:34  Probe  
  111  7:41  Stalker  
  111  7:42  Phoenix  
  111  7:43  Colossus  
  110  7:47  Stalker  
  110  7:49  Probe  
  112  7:54  Probe  
  119  7:59  Probe  
  119  8:03  Anion Pulse-Crystals  
  119  8:04  Protoss Air Weapons Level 1  
  119  8:05  Probe  
  121  8:08  Phoenix  
  121  8:11  Probe  
  121  8:12  Probe  
  125  8:18  Observer  
  125  8:20  Phoenix  
  125  8:22  Probe  
  125  8:23  Probe  
  125  8:25  Pylon  
  125  8:26  Stalker  
  131  8:30  Stalker  
  131  8:33  Phoenix  
  135  8:38  Colossus, Probe  
  135  8:40  Probe x2  
  138  8:45  Phoenix  
  138  8:48  Probe, Pylon  
  147  8:50  Pylon  
  147  8:53  Pylon  
  145  9:02  Probe  
  146  9:03  Probe  
  146  9:05  Phoenix  
  146  9:07  Phoenix  
  146  9:09  Stargate  
  149  9:10  Stargate  
  151  9:17  Pylon  
  151  9:18  Forge  
  151  9:28  Phoenix  
  151  9:30  Zealot, Phoenix  
  151  9:31  Zealot  
  159  9:42  Probe  
  159  9:43  Probe x2  
  162  9:53  Protoss Shields Level 1, Phoenix  
  162  9:55  Oracle, Tempest x2  
  162  9:59  Photon Cannon  
  177  10:01  Colossus  
  177  10:02  Photon Cannon  
  177  10:03  Photon Cannon  
  177  10:05  Photon Cannon  
  183  10:17  Tempest, Pylon  
  188  10:33  Tempest  
  193  10:37  Nexus, Tempest  
  176  10:51  Protoss Air Weapons Level 2  
  168  11:03  Phoenix x2  
  172  11:05  Pylon  
  172  11:07  Assimilator  
  172  11:08  Stargate  
  172  11:09  Stargate  
  173  11:11  Probe, Assimilator  
  173  11:13  Probe x2  
  173  11:14  Probe  
  173  11:16  Phoenix  
  178  11:20  Phoenix  
  178  11:23  Probe  
  178  11:25  Probe x2  
  183  11:28  Phoenix x2  
  183  11:32  Shield Battery  
  187  11:33  Shield Battery  
  187  11:38  Phoenix  
  187  11:39  Pylon  
  187  11:42  Pylon  
  187  11:45  Phoenix  
  187  11:46  Phoenix  
  191  11:47  Phoenix  
  191  11:51  Pylon  
  191  11:53  Phoenix  
  195  11:58  Phoenix  
  199  12:06  Phoenix  
  182  12:11  Observer  
  182  12:12  Phoenix  
  130  12:23  Phoenix x3  
  130  12:24  Phoenix  
  130  12:27  Zealot x2  
  130  12:29  Colossus  
  141  12:31  Phoenix  
  140  12:41  Phoenix  
  140  12:43  Robotics Facility  
  148  12:48  Phoenix x2  
  147  12:53  Nexus  
  147  12:58  Phoenix  
  132  13:12  Stalker x2  
  136  13:15  Nexus  
  136  13:16  Pylon  
Show
View Real Time Build Order
Export as new Build Order

Maru Terran - Winner!

Build Orders: Gas First Reaper Expand, Liberator Opening 

Get SALT Encoding   

  12  0:00  SCV  
  13  0:12  SCV  
  14  0:18  Supply Depot  
  14  0:25  SCV  
  15  0:30  Refinery  
  15  0:39  SCV  
  16  0:45  Barracks  
  16  0:52  SCV  
  17  1:04  SCV  
  18  1:16  SCV  
  19  1:32  Orbital Command  
  19  1:33  Reaper  
  20  1:48  Command Center  
  20  1:58  SCV  
  20  2:00  Factory  
  21  2:07  Barracks Reactor  
  21  2:10  SCV  
  22  2:16  Supply Depot  
  22  2:19  Refinery  
  22  2:22  SCV  
  23  2:37  SCV  
  24  2:45  Starport  
  24  2:49  SCV  
  25  2:52  Hellion x2  
  29  3:01  Orbital Command  
  29  3:02  SCV  
  30  3:07  Marine  
  31  3:14  Hellion  
  31  3:15  Hellion  
  35  3:21  Medivac  
  35  3:24  SCV  
  38  3:27  SCV  
  38  3:30  Supply Depot  
  38  3:32  Marine  
  40  3:37  Liberator  
  40  3:38  Widow Mine x2  
  40  3:40  SCV  
  45  3:43  SCV  
  46  3:48  Bunker  
  46  3:50  Barracks Tech Lab  
  49  3:56  SCV  
  49  3:58  SCV  
  49  4:02  Widow Mine  
  53  4:09  SCV  
  53  4:10  SCV  
  50  4:20  Widow Mine  
  50  4:21  SCV  
  50  4:22  SCV  
  54  4:25  Supply Depot  
  54  4:32  Liberator  
  54  4:35  Command Center  
  54  4:42  Widow Mine  
  54  4:45  Widow Mine, Stimpack  
  54  4:46  Marine  
  56  4:59  SCV  
  57  5:00  Barracks  
  57  5:01  Barracks  
  57  5:05  SCV  
  57  5:06  Marine  
  59  5:07  Widow Mine  
  59  5:11  Widow Mine, Supply Depot  
  60  5:16  SCV  
  60  5:19  SCV  
  62  5:26  Engineering Bay  
  62  5:27  Engineering Bay  
  62  5:32  Marine  
  62  5:33  SCV  
  64  5:41  SCV  
  65  5:45  SCV  
  65  5:49  Barracks Tech Lab, Barracks Reactor  
  66  5:50  Orbital Command  
  66  5:52  Barracks x2  
  66  5:53  Widow Mine x2  
  68  6:03  Terran Infantry Weapons Level 1  
  65  6:05  Refinery, SCV x2  
  65  6:06  Refinery  
  66  6:12  Terran Infantry Armor Level 1  
  66  6:16  Marine x2  
  68  6:22  SCV  
  69  6:26  SCV  
  69  6:30  Orbital Command  
  70  6:34  Marine x2, SCV  
  70  6:36  Missile Turret  
  70  6:38  SCV  
  74  6:41  Barracks Tech Lab, Barracks Reactor  
  74  6:42  Combat Shield  
  74  6:46  SCV  
  75  6:47  Factory Reactor, Supply Depot  
  75  6:50  SCV  
  72  6:55  Marine x2, Marauder x2  
  72  6:58  SCV  
  72  6:59  SCV  
  72  7:00  Missile Turret  
  76  7:02  Missile Turret, SCV  
  76  7:08  Concussive Shells, Supply Depot  
  77  7:10  SCV  
  77  7:12  SCV  
  77  7:14  Medivac x2  
  83  7:18  Supply Depot  
  83  7:19  SCV  
  83  7:21  Marine x3  
  83  7:22  Marine, SCV  
  91  7:23  Marauder x2  
  93  7:30  SCV  
  93  7:31  Widow Mine x2, SCV  
  93  7:34  SCV  
  93  7:35  Supply Depot  
  100  7:38  Supply Depot  
  100  7:41  Marauder  
  100  7:42  SCV  
  105  7:44  Marauder  
  105  7:47  SCV  
  105  7:49  SCV  
  101  7:54  SCV  
  101  7:56  Widow Mine, Medivac  
  101  7:57  Widow Mine, Medivac  
  110  7:59  SCV  
  110  8:01  Marauder  
  110  8:02  Marauder  
  114  8:05  Marauder  
  114  8:06  Refinery  
  114  8:07  Armory  
  114  8:08  SCV  
  114  8:09  Refinery  
  114  8:11  Supply Depot  
  115  8:15  Marine x4  
  115  8:19  SCV x2  
  121  8:20  SCV  
  121  8:23  Widow Mine  
  124  8:31  SCV  
  124  8:33  Widow Mine  
  127  8:37  Medivac x2  
  127  8:41  SCV x2  
  133  8:46  Supply Depot x2  
  133  8:53  Command Center  
  126  8:56  Marine, Marauder  
  126  9:01  Marine x2, Marauder x2  
  129  9:02  Widow Mine  
  129  9:03  Widow Mine  
  129  9:07  Medivac x2  
  131  9:12  Barracks x2, Terran Infantry Weapons Level 2  
  131  9:14  Barracks  
  131  9:16  Terran Infantry Armor Level 2  
  129  9:19  Marine x2, Marauder  
  129  9:23  SCV  
  129  9:24  SCV x2  
  136  9:29  Supply Depot  
  136  9:30  Marine  
  136  9:31  Marauder x2  
  141  9:44  Marine, Marauder  
  144  9:50  Supply Depot  
  144  9:51  Widow Mine x2  
  144  9:52  Marauder x2, Supply Depot  
  150  9:56  Missile Turret  
  150  9:57  SCV  
  150  9:58  Ghost Academy  
  151  10:01  Barracks Tech Lab x2, Barracks Reactor  
  151  10:03  SCV  
  151  10:05  SCV  
  154  10:07  Planetary Fortress  
  154  10:12  Marauder  
  154  10:13  Marine x3, Marauder  
  160  10:16  Widow Mine x2  
  160  10:17  SCV  
  163  10:29  Ghost x3  
  163  10:30  Personal Cloaking  
  163  10:33  Ghost  
  171  10:42  Marine  
  165  10:43  Marine  
  165  10:46  Widow Mine x2  
  165  10:49  Marine x3  
  164  10:50  Marine  
  153  10:57  Medivac x2  
  153  10:59  Marauder x2  
  153  11:00  Marine x2, Marauder x2  
  153  11:02  Marauder, SCV  
  164  11:07  Marine  
  164  11:08  Widow Mine x2  
  164  11:09  SCV x3  
  164  11:10  Command Center  
  172  11:21  Marauder  
  172  11:25  Ghost x2  
  174  11:26  Command Center  
  174  11:27  Medivac x2  
  174  11:30  Supply Depot  
  174  11:31  Marine x5  
  174  11:32  Marine x2  
  189  11:42  Marauder x2  
  192  11:49  Marine x4  
  192  11:52  Marauder  
  198  11:58  Marauder  
  181  12:12  Marine x2  
  181  12:13  Marine x4  
  181  12:15  Marine  
  168  12:20  Marine x4  
  156  12:24  Medivac x2  
  156  12:26  Widow Mine x2  
  164  12:30  Marine x3  
  164  12:31  Marine x3  
  164  12:33  Marine  
  163  12:37  Ghost x2  
  163  12:38  Marine  
  163  12:39  Marine  
  169  12:48  Marine x3, Planetary Fortress  
  169  12:49  Refinery  
  169  12:50  Marine, Ghost  
  175  12:52  SCV x3  
  175  12:53  SCV  
  175  12:54  Refinery  
  175  12:55  Refinery  
  175  12:57  Marine x2  
  175  12:58  Marine x2  
  169  13:06  Marine x2  

Tags
 
Add a new tag
Caveats
  • Supply blocks, unpowered buildings, or Contaminate may cause inaccurate times.
  • Supply counts are checked every 10 seconds.